Map: Lightshade LE

Players

SKILLOUS

  • Race: Protoss Protoss
  • League: Grandmaster
  • Spawn Location: 11:00

Lambo - Winner!

  • Race: Zerg Zerg
  • League: Grandmaster
  • Spawn Location: 5:00

VOD

https://www.youtube.com/watch?v=RqeP6kQrhyI&ab_channel=LamboSC2

Description

zvp Glaives

Time

  • Played on: Feb. 6, 2021, 7 a.m.
  • Length: 9:53
Show
View Real Time Build Order
Export as new Build Order

SKILLOUS Protoss 

Build Orders: 1 Gate Expand, Mass Adepts 

Get SALT Encoding   

  12  0:01  Probe  
  13  0:13  Probe  
  14  0:20  Pylon  
  14  0:25  Probe  
  15  0:38  Probe (Chrono Boost)  
  15  0:42  Gateway  
  16  0:47  Probe (Chrono Boost)  
  16  0:48  Assimilator  
  17  0:52  Probe (Chrono Boost)  
  18  1:04  Probe  
  19  1:16  Probe  
  20  1:23  Nexus  
  20  1:32  Cybernetics Core  
  20  1:34  Probe  
  21  1:42  Assimilator  
  21  1:46  Probe  
  22  1:53  Pylon  
  22  1:58  Probe  
  23  2:10  Adept (Chrono Boost)  
  23  2:11  Warp Gate  
  23  2:14  Probe  
  26  2:24  Twilight Council  
  26  2:27  Probe (Chrono Boost)  
  27  2:30  Stalker (Chrono Boost)  
  27  2:35  Probe (Chrono Boost)  
  30  2:44  Probe x2 (Chrono Boost)  
  32  2:49  Probe (Chrono Boost)  
  32  2:50  Probe  
  33  2:52  Robotics Facility  
  34  3:01  Probe  
  34  3:02  Probe, Gateway  
  36  3:11  Resonating Glaives (Chrono Boost)  
  36  3:13  Probe  
  36  3:14  Probe  
  38  3:20  Adept  
  38  3:25  Probe  
  41  3:27  Gateway  
  41  3:29  Gateway  
  41  3:30  Probe  
  42  3:36  Warp Prism (Chrono Boost)  
  44  3:41  Probe  
  44  3:44  Pylon  
  44  3:48  Probe  
  46  3:51  Pylon  
  46  4:02  Probe, Adept  
  49  4:05  Adept  
  49  4:06  Probe  
  49  4:09  Observer  
  53  4:13  Pylon, Assimilator  
  53  4:14  Probe  
  53  4:16  Shield Battery  
  55  4:24  Adept x3  
  55  4:28  Adept  
  62  4:31  Probe x2  
  62  4:33  Pylon  
  62  4:36  Assimilator  
  68  4:46  Pylon  
  68  4:49  Adept x3  
  68  4:52  Adept  
  72  4:53  Probe x2  
  72  4:57  Pylon  
  74  5:05  Immortal  
  76  5:14  Probe x2  
  78  5:27  Probe  
  79  5:29  Probe  
  79  5:30  Nexus  
  79  5:31  Pylon  
  80  5:41  Probe  
  77  5:46  Gateway  
  77  5:49  Gateway  
  77  5:51  Forge  
  77  5:52  Immortal  
  77  5:53  Probe  
  82  5:58  Probe  
  83  6:05  Probe  
  83  6:06  Shield Battery  
  83  6:10  Probe  
  81  6:17  Protoss Ground Weapons Level 1 (Chrono Boost), Blink  
  81  6:18  Probe  
  80  6:21  Immortal  
  80  6:23  Probe  
  73  6:30  Sentry x4, Probe  
  86  6:38  Probe  
  87  6:40  Gateway  
  87  6:42  Probe x2  
  87  6:43  Gateway  
  87  6:46  Stalker  
  91  6:50  Probe  
  91  6:54  Probe  
  93  6:55  Probe  
  93  6:58  Assimilator  
  93  7:00  Pylon  
  94  7:02  Assimilator, Immortal  
  94  7:06  Stalker  
  100  7:09  Probe x3  
  103  7:23  Photon Cannon  
  103  7:24  Probe  
  103  7:29  Stalker x6  
  116  7:34  Templar Archives  
  116  7:45  Pylon  
  120  7:51  Stalker x2  
  120  7:55  Pylon  
  120  7:56  Pylon  
  120  7:57  Pylon x2  
  124  8:01  Psionic Storm  
  124  8:05  Stalker x6  
  132  8:25  High Templar x2  
  136  8:37  Zealot x4  
  144  8:42  Nexus  
  144  8:43  Pylon  
  144  8:47  High Templar  
  144  8:50  Shield Battery  
  144  8:55  Stalker  
  146  8:58  Shield Battery  
  146  9:00  Pylon  
  146  9:01  Stalker x4  
  154  9:16  Stalker x2  
  135  9:21  Archon  
  109  9:26  Stalker x5  
  109  9:27  Stalker  
  97  9:40  Zealot x2  
  83  9:49  Stalker x2  
Show
View Real Time Build Order
Export as new Build Order

Lambo Zerg - Winner!

Build Orders: Hatch First 

Get SALT Encoding   

  12  0:00  Drone  
  13  0:12  Overlord  
  13  0:17  Drone  
  14  0:31  Drone x2  
  16  0:47  Hatchery  
  15  0:50  Drone  
  15  0:54  Drone  
  17  0:57  Drone  
  18  1:08  Extractor  
  17  1:12  Spawning Pool  
  17  1:15  Drone  
  17  1:19  Drone  
  18  1:30  Drone  
  19  1:39  Drone  
  20  1:50  Drone  
  21  1:59  Queen x2  
  21  2:00  Zergling x2, Overlord  
  26  2:13  Zergling x2  
  26  2:14  Drone, Metabolic Boost  
  28  2:23  Drone x2  
  30  2:32  Drone  
  30  2:34  Drone  
  32  2:41  Hatchery  
  32  2:42  Drone  
  32  2:44  Overlord  
  32  2:52  Queen  
  32  2:56  Drone  
  35  3:02  Drone  
  35  3:05  Queen  
  36  3:07  Overlord  
  36  3:09  Drone  
  39  3:15  Drone x3  
  39  3:19  Drone  
  43  3:27  Zergling x4  
  43  3:29  Queen  
  47  3:41  Zergling x2  
  47  3:42  Drone x4  
  52  3:49  Roach Warren  
  52  3:54  Drone  
  52  3:58  Drone x3  
  52  4:01  Overlord  
  55  4:03  Overlord  
  55  4:04  Drone  
  55  4:06  Drone x2  
  58  4:10  Overlord  
  57  4:17  Spore Crawler  
  57  4:19  Spore Crawler  
  57  4:20  Zergling x10  
  60  4:24  Zergling x2  
  60  4:29  Roach  
  63  4:35  Roach  
  63  4:36  Roach  
  73  4:38  Roach x3  
  73  4:42  Roach x2  
  77  4:49  Roach, Overlord  
  77  4:50  Zergling x6  
  77  4:52  Extractor  
  81  4:53  Overlord  
  81  4:55  Zergling x2  
  82  5:00  Overlord  
  82  5:01  Overlord  
  82  5:03  Overlord x2  
  82  5:10  Drone x2  
  84  5:16  Roach  
  84  5:17  Drone  
  87  5:23  Drone x7  
  94  5:31  Drone  
  95  5:37  Lair  
  95  5:38  Drone x2  
  95  5:39  Evolution Chamber  
  95  5:41  Roach, Extractor  
  95  5:42  Extractor  
  92  5:45  Drone x2  
  94  5:50  Drone  
  94  5:51  Drone x2  
  94  5:52  Drone  
  94  5:55  Roach  
  94  5:56  Roach, Overlord  
  102  5:58  Drone x4  
  102  6:03  Drone  
  105  6:08  Drone x2  
  105  6:12  Overlord  
  105  6:17  Drone  
  105  6:18  Drone x2  
  106  6:19  Drone  
  106  6:22  Drone x2  
  106  6:27  Drone x2, Overlord, Zerg Missile Weapons Level 1  
  106  6:29  Drone  
  106  6:30  Extractor x2  
  107  6:33  Drone x4  
  107  6:37  Baneling Nest  
  107  6:38  Glial Reconstitution  
  110  6:40  Drone  
  110  6:41  Drone  
  110  6:44  Drone x2  
  114  6:51  Drone x2  
  116  6:54  Overlord  
  116  6:59  Hatchery  
  116  7:00  Overlord  
  116  7:01  Overseer  
  115  7:02  Roach x2  
  119  7:08  Roach x3  
  119  7:12  Roach x2  
  131  7:15  Roach  
  131  7:16  Roach, Overlord  
  131  7:19  Roach  
  131  7:21  Centrifical Hooks  
  139  7:30  Roach x5, Ravager  
  139  7:31  Ravager  
  139  7:33  Roach  
  139  7:35  Ravager  
  150  7:42  Roach x4  
  158  7:47  Zergling x14  
  165  7:54  Zergling x8  
  169  8:01  Overlord  
  169  8:03  Overlord  
  169  8:05  Overlord  
  169  8:12  Ravager x4  
  173  8:13  Zergling x4  
  173  8:16  Overlord  
  173  8:17  Overlord  
  173  8:19  Overlord  
  175  8:20  Overlord  
  175  8:23  Overlord  
  175  8:25  Zergling x16  
  183  8:30  Baneling x16  
  183  8:31  Zergling x4  
  183  8:34  Zergling x4  
  187  8:38  Zergling x6  
  187  8:41  Zergling x8  
  187  8:45  Zergling x4  
  189  8:51  Baneling x11  
  189  8:53  Zergling x6  
  192  8:57  Baneling x8  
  192  9:00  Zergling x4  
  194  9:06  Zergling x12  
  192  9:10  Zergling x6  
  192  9:14  Zergling x8  
  192  9:16  Zergling x2  
  180  9:21  Roach x2  
  180  9:23  Roach x2  
  173  9:25  Roach  
  173  9:28  Roach x2  
  166  9:31  Roach x2  
  166  9:33  Roach  
Tags
 
Add a new tag
Caveats
  • Supply blocks, unpowered buildings, or Contaminate may cause inaccurate times.
  • Supply counts are checked every 10 seconds.